 Dungeon Crawl Stone Soup version 0.25.0-1-g7eea58d (webtiles) character file.

Game seed: 8380735746310099690

75 RolandoTheExplorer the Slasher (level 4, -2/35 HPs)
             Began as a Human Berserker on June 17, 2020.
             Was a Believer of Trog.
             Slain by an orc wizard
             ... wielding a +0 dagger
              (3 damage)
             ... on level 3 of the Dungeon.
             The game lasted 00:13:51 (3010 turns).

RolandoTheExplorer the Slasher (Human Berserker)    Turns: 3010, Time: 00:13:52

Health: -2/35      AC:  2    Str: 17    XL:     4   Next: 55%
Magic:  4/4        EV: 12    Int:  8    God:    Trog [**....]
Gold:   127        SH:  0    Dex: 13    Spells: 3/3 levels left

rFire    . . .     SeeInvis .   f - +2 whip (drain)
rCold    . . .     Gourm    .   (no shield)
rNeg     . . .     Faith    .   g - +0 robe (curse)
rPois    .         Spirit   .   (no helmet)
rElec    .         Reflect  .   (no cloak)
rCorr    .         Harm     .   (no gloves)
MR       +....                  (no boots)
Stlth    +.........             (no amulet)
HPRegen  0.11/turn              s - ring of protection from magic
MPRegen  0.09/turn              (no ring)

@: lightly drained
A: no striking features
a: Berserk, Trog's Hand, Renounce Religion


You were on level 3 of the Dungeon.
You worshipped Trog.
Trog was pleased with you.
You were not hungry.

You visited 1 branch of the dungeon, and saw 3 of its levels.

You collected 127 gold pieces.

Inventory:

Hand Weapons
 f - a +2 whip of draining (weapon)
Missiles
 h - 21 arrows
 r - 23 bolts
Armour
 g - a cursed +0 robe (worn)
 i - a +0 leather armour
Jewellery
 s - a ring of protection from magic (left hand)
Scrolls
 b - a scroll of teleportation
 l - a scroll of fog
 n - a scroll of random uselessness {unknown}
 p - a scroll of enchant weapon {unknown}
Potions
 a - a potion of stabbing {unknown}
 e - a potion of haste {unknown}
 j - a potion of curing {unknown}
 k - a potion of resistance
 m - a potion of ambrosia
 o - a potion of might {unknown}
Comestibles
 c - 7 rations


   Skills:
 + Level 3.3(3.0) Fighting
   Level 3.6(3.3) Long Blades
 + Level 1.5(1.2) Maces & Flails
 + Level 2.7(2.4) Armour
 + Level 2.2(2.0) Dodging
 + Level 0.1(0.0) Stealth


You had 3 spell levels left.
You didn't know any spells.
Your spell library was empty.

Dungeon Overview and Level Annotations

Branches:
Dungeon (3/15)

Altars:
Dithmenos
Sif Muna

Annotations:
D:3 Natasha


Message History

You hear a shout!
The orc wizard casts a spell.
The orc wizard flickers and vanishes!
Deactivating autopickup; reactivate with Ctrl-A.
The worm misses you.
You see here a rat corpse.
As you read the scroll of fog, it crumbles to dust.
The scroll dissolves into smoke.
The hobgoblin hits you but does no damage.
The worm completely misses you.
You hear some strange, mumbled words.
A puff of frost appears from out of thin air!
The puff of frost hits you!
* * * LOW HITPOINT WARNING * * *
Something completely misses you.
A magic dart appears from out of thin air!
The magic dart hits you.
* * * LOW HITPOINT WARNING * * *
Something hits you.
You die...

..............
##............#####.
...#..#.#......^... #
#.#..#.#.......... #.
#....§§§...=..... #..
#...§§§§§§§... .#...
#.g.§§w§§§§####...
......#.{..§o§§§§.ho....
.......@..h.#w#h§##o....
..#+#.#...#.#.#§## ...
.........#.#.. .
#.#.#.....#.#..#
#.#.#.....#..... # #
#..##........
#..##.###.### ..). # #.


You could see a worm (drained), an orc priest, Natasha and a hobgoblin.

Vanquished Creatures
  An adder (D:2)
  A worm (D:2)
  2 dart slugs
  2 leopard geckos (D:2)
  An orc (D:3)
  2 giant cockroaches
  5 goblins
  8 hobgoblins
  6 jackals
  5 kobolds
  2 quokkas (D:2)
  7 bats
  4 frilled lizards
  5 rats
51 creatures vanquished.

Notes
Turn   | Place    | Note
-------+----------+-------------------------------------------
     0 | D:1      | RolandoTheExplorer the Human Berserker began the quest for
                  | the Orb.
     0 | D:1      | Reached XP level 1. HP: 18/18 MP: 1/1
    50 | D:1      | Reached XP level 2. HP: 9/24 MP: 2/2
   857 | D:1      | Reached XP level 3. HP: 28/29 MP: 3/3
  1547 | D:2      | Reached ** piety under Trog
  1553 | D:2      | Reached XP level 4. HP: 16/35 MP: 4/4
  1789 | D:2      | Reached skill level 1 in Maces & Flails
  2869 | D:2      | Found a shimmering blue altar of Sif Muna.
  2873 | D:2      | Found a shadowy altar of Dithmenos.
  2996 | D:3      | Noticed Natasha
  3008 | D:3      | HP: 1/35 [something/magic dart (6)]
  3010 | D:3      | Slain by an orc wizard

Illustrated notes

Levels and vault maps discovered:
D:1:      dpeg_arrival_rooms_c, layout_loops_ring, serial_bayou_ford_a,
          minmay_quantized
D:2:      lemuel_upstairs_altar, layout_basic, minitemple,
          minmay_misc_feat_hallway
D:3:      layout_basic, elyvilon_altar_4, chequers_serial_rivers_micro_e,
          uniq_natasha, uniq_crazy_yiuf_cottage, uniq_terence, uniq_sigmund

Skill      XL: |  1  2  3  4 |
---------------+-------------+-----
Maces & Flails | 1 |  1.5
Fighting       | |  3.3
Long Blades    | |  3.6
Armour         | |  2.7
Dodging        | |  2.2
Stealth        | |  0.1

Action                   |  1- 3 |  4- 6 || total
-------------------------+-------+-------++-------
Melee: Falchion          |    13 |       ||    13
       Whip              |    55 |    61 ||   116
       Hunting sling     |       |    19 ||    19
  Use: Scroll            |       |     5 ||     5
       Potion            |       |     1 ||     1
  Eat: Ration            |     1 |     1 ||     2
       Chunk             |       |     1 ||     1
Armor: Animal skin       |     1 |       ||     1
       Leather armour    |    27 |    24 ||    51
       Scale mail        |       |     3 ||     3
       Robe              |       |     1 ||     1
Dodge: Dodged            |    68 |    74 ||   142
       Rpst.: Falchion   |     3 |       ||     3
